 Dungeon Crawl Stone Soup version 0.29.1-12-g30fa7ad0bf (webtiles) character file.

Game seed: 2603593958221921575

4 mandoloar the Caller (level 1, 0/7 HPs)
             Began as a Felid Summoner on Dec 25, 2022.
             Slain by a goblin
             ... wielding a +0 dagger
              (4 damage)
             ... on level 1 of the Dungeon.
             The game lasted 00:01:03 (205 turns).

mandoloar the Caller (Felid Summoner)                Turns: 205, Time: 00:01:03

Health: 0/7        AC:  1    Str:  4    XL:     1   Next: 58%
Magic:  1/4        EV: 17    Int: 16    God:
Gold:   22         SH:  0    Dex: 16    Spells: 3/4 levels left
                                        Lives:  0   Deaths: 0

rFire   . . .      SeeInvis +   (weapon unavailable)
rCold   . . .      Faith    .   (shield unavailable)
rNeg    + . .      Spirit   .   (body armour unavailable)
rPois   .          Reflect  .   (helmet unavailable)
rElec   .          Harm     .   (cloak unavailable)
rCorr   .          Rampage  .   (gloves unavailable)
Will    .....                   (boots unavailable)
Stlth   ++........              (no amulet)
HPRegen 0.02/turn               b - ring of positive energy
MPRegen 0.09/turn               (no ring)

@: quick
A: very small, claws 1, fangs 3, see invisible, speed 1, shaggy fur 1, stealthy
paws, no weapons or thrown items, no armour, multi-lived
a: no special abilities


You were on level 1 of the Dungeon.
You visited 1 branch of the dungeon, and saw 1 of its levels.

You collected 22 gold pieces.

Inventory:

Jewellery
 b - a ring of positive energy (left paw)
Scrolls
 c - a scroll of immolation {unknown}
Potions
 a - a potion of magic
 d - a potion of cancellation {unknown}
 e - a potion of lignification {unknown}


   Skills:
 + Level 0.2 Fighting
 + Level 2.8 Dodging
 + Level 2.8 Stealth
 + Level 2.0 Spellcasting
 + Level 4.0 Summonings


You had 3 spell levels left.
You knew the following spells:

 Your Spells              Type           Power      Damage    Failure   Level
a - Summon Small Mammal   Summ           56%        N/A       4%          1

Your spell library contained the following spells:

 Spells                   Type           Power      Damage    Failure   Level
 Call Imp                 Summ           14%        N/A       6%          2
 Call Canine Familiar     Summ           14%        N/A       12%         3
 Slow                     Hex            4%         N/A       21%         1
 Summon Guardian Golem    Hex/Summ       8%         N/A       26%         3
 Confusing Touch          Hex            1%         N/A       52%         3
 Vampiric Draining        Necr           1%         2d6       52%         3
 Summon Lightning Spire   Summ/Air       8%         N/A       65%         4


Dungeon Overview and Level Annotations

Branches:
Dungeon (1/15)

Altars:


Innate Abilities, Weirdness & Mutations

You have sharp claws.
You have razor-sharp teeth.
You have supernaturally acute eyesight. (SInv)
You cover ground quickly. (Speed+)
You are covered in fur. (AC +1)
Your paws help you pounce on unaware monsters.
You are incapable of wielding weapons or throwing items.
You cannot wear armour.
You gain extra lives every three experience levels.


Message History

Your quokka barely misses the goblin.
The goblin barely misses your quokka.
Your quokka barely misses the goblin.
Your quokka bites the goblin.
The goblin hits your quokka with a +0 dagger.
The ball python bites your quokka but does no damage.
The ball python grabs your quokka. The ball python constricts your quokka.
Your quokka barely misses the ball python.
The goblin hits your quokka with a +0 dagger.
Your quokka dies!
Your quokka's corpse disappears in a puff of smoke!
You are out of magic!
The ball python closely misses you. The ball python grabs you.
The ball python constricts you.
You escape the ball python's grasp.
Your rat bites the ball python.
The ball python dies!
The ball python closely misses you. The ball python grabs you.
The ball python constricts you.
Your rat bites the ball python.
You escape the ball python's grasp.
Something barely misses your rat. The ball python misses you.
The ball python closely misses you.
Your quokka barely misses the ball python.
The ball python misses you. The ball python barely misses you.
The ball python barely misses you. The ball python closely misses you.
Your quokka completely misses the ball python.
The ball python bites you. The ball python completely misses you.
Your quokka bites the ball python.
The ball python dies!
You start resting.
Something hits your quokka but does no damage.
You start resting.
Something hits your quokka.
You start resting.
Something hits your quokka but does no damage.
You start resting.
Something hits your quokka but does no damage.
Something hits your quokka.
Your quokka dies!
Your quokka's corpse disappears in a puff of smoke!
Your quokka misses the goblin. The goblin hits you with a +0 dagger.
Ouch! That really hurt!
You die...

########## #######
........###.....###
♣.. ♣....#.#..#..##
♣♣.♣♣♣.#rg..#...#.#
♣...♣...@#....#...#
♣...♣.##..#...#.#
♣♣.♣♣♣.##r..#..##
♣...♣..##.##.###
♣...♣...♣.....##
♣♣.♣♣♣.♣♣♣###.#
..♣...♣...♣.# #g###
...♣...♣..# #...#
♣♣.♣♣♣.♣♣♣.##
###.#######


You could see a goblin (ally target) and a friendly quokka (summoned).

Vanquished Creatures (collateral kills)
  3 ball pythons (D:1)
  2 goblins (D:1)
5 creatures vanquished.

Notes
Turn   | Place    | Note
-------+----------+-------------------------------------------
     0 | D:1      | mandoloar the Felid Summoner began the quest for the Orb.
     0 | D:1      | Reached XP level 1. HP: 7/7 MP: 4/4
   205 | D:1      | Slain by a goblin

Illustrated notes

Levels and vault maps discovered:
D:1:      wander_arrival_chamber, layout_rooms, kennysheep_doodads, hex_tiny

Action                   || total
-------------------------++-------
 Cast: Summon Small Mamm ||    11
Dodge: Dodged            ||    12
